AoeStats
← 659788842

Arena

510092505Analyzed
4v4 RM · 3d ago on Sep 29, 2026· 72m 45s· 8 players
Game mode
Random Map
Map size
Large (8 player)
Population
200
Speed
Normal
Resources
Standard
Victory
Conquest
Starting age
Dark Age
Ending age
Imperial Age
RankedLock teamsTeams togetherTeam positionsShared explorationLock speedFull tech treeHidden civsTurbo modeCheats
Victory
Defeat
🇯🇵 Celts · Japan
718
+7
🇪🇬 Franks · Egypt
479
+15
🇨🇳 Chinese · China
477
+15
🇨🇳 Berbers · China
420
+17
🇵🇰 Mongols · Pakistan
482
-14
🇵🇰 Turks · Pakistan
470
-14
🇵🇰 Huns · Pakistan
467
-13
🇵🇰 Teutons · Pakistan
446
-13
全力释放
1:50 Loom
10:04 Feudal Age
18:45 Castle Age
17:21 Double-Bit Axe
22:43 Wheelbarrow
22:32 Bow Saw
24:51 Town Watch
27:05 Hand Cart
29:29 Caravan
33:40 Town Patrol
35:18 Kasbah
37:49 Bloodlines
37:40 Husbandry
39:44 Coinage
43:48 Thumb Ring
49:59 Imperial Age
53:26 Elite Camel Archer
58:51 Ballistics
58:43 Fortified Wall
59:35 Chemistry
58:18 Treadmill Crane
58:34 Murder Holes
59:27 Fletching
59:38 Padded Archer Armor
59:45 Scale Barding Armor
59:51 Forging
60:47 Gold Mining
60:48 Stone Mining
62:01 Horse Collar
63:16 Elite Genitour
64:10 Heavy Plow
64:17 Siege Engineers
65:11 Fervor
66:02 Conscription
67:42 Maghrebi Camels
70:15 Crop Rotation
71:33 Masonry
RuinMireia
11:01 Feudal Age
14:53 Castle Age
13:27 Double-Bit Axe
13:23 Horse Collar
13:59 Loom
15:35 Wheelbarrow
15:56 Bow Saw
15:23 Pikeman
16:32 Gambesons
18:40 Arson
19:37 Scale Mail Armor
20:54 Forging
22:23 Chain Mail Armor
29:41 Heavy Plow
32:00 Gold Mining
32:01 Stone Mining
35:28 Imperial Age
35:00 Iron Casting
35:36 Capped Ram
35:39 Halberdier
36:51 Plate Mail Armor
37:22 Blast Furnace
36:31 Siege Engineers
36:45 Hand Cart
36:56 Arson
37:31 Masonry
37:52 Conscription
37:08 Siege Ram
39:10 Furor Celtica
43:23 Fletching
43:33 Padded Archer Armor
42:59 Elite Woad Raider
44:14 Hoardings
43:33 Stronghold
44:08 Bodkin Arrow
51:44 Leather Archer Armor
53:05 Ring Archer Armor
53:39 Chemistry
52:59 Ballistics
52:53 Fortified Wall
52:37 Crossbowman
54:18 Onager
54:29 Heavy Scorpion
659788842
0:41 Loom
9:23 Feudal Age
10:42 Wheelbarrow
20:40 Horse Collar
20:50 Double-Bit Axe
20:59 Gold Mining
23:07 Bloodlines
22:23 Man-at-Arms
30:04 Castle Age
35:45 Castle Age
39:44 Scale Mail Armor
43:25 Bow Saw
46:58 Heavy Plow
49:25 Caravan
49:56 Coinage
51:07 Scale Barding Armor
51:19 Chain Mail Armor
51:05 Padded Archer Armor
50:58 Fletching
51:19 Forging
51:46 Ballistics
52:16 Chain Barding Armor
52:44 Hand Cart
52:22 Town Watch
52:45 Arson
53:02 Squires
52:24 Pikeman
52:26 Long Swordsman
52:40 Elite Skirmisher
52:43 Crossbowman
54:44 Husbandry
54:05 Light Cavalry
55:34 Great Wall
60:16 Imperial Age
62:26 Two-Man Saw
61:47 Masonry
64:28 Architecture
65:32 Chemistry
64:00 Cavalier
67:18 Elite Chu Ko Nu
71:56 Elite Genitour
72:45 Thumb Ring
kzakaria9191
0:31 Loom
12:54 Feudal Age
18:32 Double-Bit Axe
22:19 Castle Age
23:47 Husbandry
26:33 Pikeman
27:13 Squires
27:13 Treadmill Crane
27:40 Scale Barding Armor
27:47 Forging
28:23 Bow Saw
32:45 Caravan
36:55 Imperial Age
39:13 Gold Mining
39:21 Stone Mining
40:33 Ballistics
40:24 Fortified Wall
41:39 Gold Shaft Mining
42:47 Town Watch
43:42 Conscription
43:12 Gambesons
42:48 Man-at-Arms
44:45 Cavalier
44:56 Cavalier
47:06 Chain Barding Armor
47:22 Iron Casting
48:57 Paladin
49:41 Chivalry
50:18 Hoardings
51:57 Plate Barding Armor
52:23 Blast Furnace
51:21 Murder Holes
51:38 Masonry
54:02 Ordonnance Companies
54:03 Elite Throwing Axeman
55:15 Halberdier
55:15 Long Swordsman
56:06 Town Patrol
56:42 Wheelbarrow
58:54 Chemistry
58:24 Architecture
57:57 Scale Mail Armor
57:57 Padded Archer Armor
57:47 Fletching
68:01 Siege Engineers
68:13 Chain Mail Armor
68:14 Leather Archer Armor
67:54 Bodkin Arrow
67:22 Two-Handed Swordsman
67:48 Arson
negi NonVeg
0:37 Loom
12:52 Feudal Age
15:57 Wheelbarrow
15:08 Town Watch
19:14 Castle Age
18:09 Double-Bit Axe
18:16 Horse Collar
Assasin.Codex
12:07 Loom
13:55 Feudal Age
16:16 Horse Collar
17:18 Double-Bit Axe
20:02 Castle Age
35:38 Scale Mail Armor
35:55 Forging
38:16 Chain Mail Armor
38:37 Iron Casting
39:43 Wheelbarrow
38:55 Town Watch
43:16 Imperial Age
41:05 Hand Cart
40:54 Town Patrol
41:30 Heavy Plow
42:25 Masonry
42:27 Fortified Wall
42:18 Guard Tower
49:52 Elite Teutonic Knight
56:32 Plate Mail Armor
57:03 Blast Furnace
56:41 Conscription
Elysium
10:55 Feudal Age
15:39 Castle Age
13:54 Double-Bit Axe
13:54 Horse Collar
17:48 Bow Saw
17:47 Loom
18:52 Heavy Plow
20:06 Fletching
33:18 Imperial Age
31:40 Bodkin Arrow
37:39 Bracer
40:13 Wheelbarrow
42:30 Elite Mangudai
46:49 Ballistics
47:34 Chemistry
54:05 Pikeman
54:48 Squires
56:26 Forging
56:18 Scale Mail Armor
59:43 Hand Cart
65:39 Iron Casting
65:17 Padded Archer Armor
67:20 Blast Furnace
BlueAries
11:56 Feudal Age
13:22 Horse Collar
14:12 Town Watch
15:05 Wheelbarrow
18:00 Double-Bit Axe
19:11 Padded Archer Armor
19:14 Fletching
19:32 Scale Mail Armor
19:40 Scale Barding Armor
24:26 Arson
26:53 Castle Age
25:57 Man-at-Arms
27:02 Long Swordsman
29:30 Pikeman
32:57 Heavy Plow
34:38 Stone Mining
36:17 Chain Mail Armor
36:19 Forging
37:35 Bow Saw
42:10 Marauders
47:25 Imperial Age
55:40 Elite Tarkan
57:43 Gold Mining
Connection lost

Rejoining the realm…

Still unreachable

The connection could not be restored.

Session expired

The server has moved on; the page needs a fresh start.